[Event "2. Itzehoer Schach Open"]
[Site "Itzehoe, Germany"]
[Date "2023.04.30"]
[Round "4.14"]
[White "Pitic, Alen"]
[Black "Trzcielinski, Jens"]
[Result "0-1"]
[TimeControl "90 min / 40 Züge + 30 min + 30 Sek pro Zug"]
[WhiteElo "1276"]
[BlackElo "1693"]

1. d4 f5 2. c4 g6 3. Nf3 Nf6 4. g3 Bg7 5. Bg2 O-O 6. O-O d6 7. Nc3 c6 8. Bg5 Qe8 9. Qc1 e5 10.
dxe5 dxe5 11. Bxf6 Bxf6 12. e4 Qe7 13. Rd1 Na6 14. Qe3 Bg7 15. b3 f4 16. Qd2 fxg3 17. hxg3 Bg4 18. Qe3 Qf6 19.
Rd3 Nb4 20. Ne1 Nxd3 21. Nxd3 b6 22. f3 Be6 23. Rf1 Qd8 24. Rd1 Qc7 25. Kf2 Rad8 26. Rh1 Rf7 27. Na4 Rfd7 28. Nab2 Bf8 29.
Ke2 Ba3 0-1

[Event "2. Itzehoer Schach Open"]
[Site "Itzehoe, Germany"]
[Date "2023.04.30"]
[Round "4.23"]
[White "Quiring, Nikolai"]
[Black "Aguike, Chidera"]
[Result "1-0"]
[TimeControl "90 min / 40 Züge + 30 min + 30 Sek pro Zug"]
[WhiteElo "1880"]
[BlackElo "1450"]

1. d4 Nf6 2. c4 b6 3. Nc3 e6 4. Qc2 Bb7 5. e4 Bb4 6. Bd3 Bxc3+ 7. bxc3 c5 8. Ne2 d5 9. cxd5 exd5 10.
Bb5+ Nbd7 11. e5 Ne4 12. f3 Ng5 13. O-O Ne6 14. f4 c4 15. f5 Nc7 16. Bxd7+ Qxd7 17. Bg5 O-O 18. Ng3 Rfe8 19.
Nh5 Qc6 20. Qd2 Bc8 21. Bf6 gxf6 22. Qh6 1-0

[Event "2. Itzehoer Schach Open"]
[Site "Itzehoe, Germany"]
[Date "2023.04.30"]
[Round "4.26"]
[White "Haertel, Leon"]
[Black "Carsten, Juergen"]
[Result "0-1"]
[TimeControl "90 min / 40 Züge + 30 min + 30 Sek pro Zug"]
[WhiteElo "1323"]
[BlackElo "1780"]

1. d4 d5 2. c4 e6 3. Nc3 c6 4. cxd5 exd5 5. Bf4 Bf5 6. e3 Nf6 7. Bd3 Bxd3 8. Qxd3 Nh5 9. Be5 Nd7 10.
Nf3 Nxe5 11. dxe5 g6 12. O-O Bb4 13. a3 Ba5 14. b4 Bc7 15. Rad1 Qe7 16. Rfe1 Rd8 17. Qd4 Bb6 18. Qd3 O-O 19.
Qc2 a5 20. Qb3 axb4 21. axb4 Ng7 22. b5 Ba7 23. Nd4 Rc8 24. f4 Ne6 25. b6 Bb8 26. g3 f6 27. exf6 Rxf6 28. e4 Nxd4 29.
Rxd4 Qc5 30. Qb4 Bd6 31. Na2 Ra8 32. e5 Re6 33. Rc1 Qxc1+ 0-1

[Event "2. Itzehoer Schach Open"]
[Site "Itzehoe, Germany"]
[Date "2023.04.30"]
[Round "4.18"]
[White "Wusterack, Paul"]
[Black "Brandt, Volker"]
[Result "1-0"]
[TimeControl "90 min / 40 Züge + 30 min + 30 Sek pro Zug"]
[WhiteElo "1647"]
[BlackElo "1469"]

1. Nf3 e6 2. g3 g5 3. d4 g4 4. Nfd2 c5 5. e3 d5 6. Bg2 h5 7. b3 cxd4 8. exd4 Bg7 9. Bb2 Nc6 10.
c3 Qg5 11. Nf1 Nge7 12. Qd2 Qf6 13. Na3 a6 14. Nc2 h4 15. Nfe3 Qg6 16. O-O-O h3 17. Bf1 Rh5 18. Bd3 f5 19.
Qe2 Qf6 20. f3 e5 21. fxg4 Rg5 22. dxe5 Nxe5 23. Bxf5 Qc6 24. Nd4 Qh6 25. Kb1 Bxf5+ 26. Nexf5 Qg6 27. Ka1 Bf6 28.
Nxe7 Bxe7 29. Nf5 Nc6 30. Rhe1 Qh7 31. Ba3 1-0

[Event "2. Itzehoer Schach Open"]
[Site "Itzehoe, Germany"]
[Date "2023.04.30"]
[Round "4.34"]
[White "Hieke, Andrea"]
[Black "Knudsen, Finn Luca"]
[Result "0-1"]
[TimeControl "90 min / 40 Züge + 30 min + 30 Sek pro Zug"]
[WhiteElo "912"]
[BlackElo "929"]

1. e4 e5 2. Nf3 Nc6 3. Bc4 Bc5 4. Nc3 d6 5. d3 Bg4 6. h3 Bxf3 7. Qxf3 Nf6 8. Nd5 Nd4 9. Qg3 Nxd5 10.
Bxd5 O-O 11. c3 Nc2+ 12. Kd1 Nxa1 13. b4 Bb6 14. a4 c6 15. Ba2 Qf6 16. Rf1 c5 17. b5 a6 18. bxa6 Rxa6 19.
Bg5 Qg6 20. Kd2 h6 21. Rxa1 Qxg5+ 22. f4 Qxg3 23. Bc4 Qxg2+ 24. Ke3 Qxh3+ 25. Kd2 Qh2+ 26. Ke3 Qxf4+ 27. Ke2 Qh2+ 28.
Ke3 Qb2 29. Rf1 Rxa4 30. Bd5 c4+ 31. Kf3 Ra2 32. Kg4 Qg2+ 33. Kf5 Qxf1+ 34. Kg4 Rg2+ 35. Kh3 Qh1# 0-1

[Event "2. Itzehoer Schach Open"]
[Site "Itzehoe, Germany"]
[Date "2023.04.30"]
[Round "4.16"]
[White "Lorenz, Felix"]
[Black "Wibmer, Michael"]
[Result "0-1"]
[TimeControl "90 min / 40 Züge + 30 min + 30 Sek pro Zug"]
[WhiteElo "1128"]
[BlackElo "1675"]

1. e4 c5 2. Nf3 d6 3. c3 Nf6 4. Be2 Nc6 5. d4 cxd4 6. cxd4 Nxe4 7. d5 Qa5+ 8. Nc3 Nxc3 9. bxc3 Ne5 10.
Nxe5 dxe5 11. Rb1 a6 12. Be3 Qxc3+ 13. Bd2 Qc7 14. Rc1 Qd7 15. Bg4 Qxg4 16. Qc2 g6 17. O-O Bg7 18. Qc7 Qd7 19.
Bb4 Qxc7 20. Rxc7 Bf6 21. d6 exd6 22. Bxd6 Be6 23. Rfc1 b5 24. R1c6 Bd8 25. Rb7 Bd5 26. Rcc7 Bxb7 27. Rxb7 Bf6 28. g4 e4 29. Rb6 Bd4 30.
Rb7 Ra7 31. Rb8+ Kd7 32. Rxh8 Bxh8 33. Bc5 Rc7 34. Be3 b4 35.
Kg2 Rc2 0-1

[Event "2. Itzehoer Schach Open"]
[Site "Itzehoe, Germany"]
[Date "2023.04.30"]
[Round "4.33"]
[White "Lorenzen, Lars"]
[Black "Retzlaff, Wolfgang"]
[Result "0-1"]
[TimeControl "90 min / 40 Züge + 30 min + 30 Sek pro Zug"]
[WhiteElo "1218"]
[BlackElo "1704"]

1. d4 d5 2. Bf4 Nf6 3. e3 e6 4. Nd2 Bd6 5. Bg3 Qe7 6. Ngf3 c5 7. c3 Nc6 8. Bd3 O-O 9. Qb1 e5 10.
dxe5 Nxe5 11. Nxe5 Bxe5 12. Bh4 g6 13. O-O Qe6 14.
Qd1 Bc7 15. c4 Ng4 16. h3 Nxe3 17. Re1 Nxd1 18. Rxe6 Bxe6 19. Rxd1 dxc4 20. Nxc4 b5 21. Na3 a6 22. Bc2 Bd8 23.
Bg3 Bf6 24. b3 Rad8 25. Rc1 Bb2 0-1

[Event "2. Itzehoer Schach Open"]
[Site "Itzehoe, Germany"]
[Date "2023.04.30"]
[Round "4.6"]
[White "Fuhrmann, Bahne"]
[Black "Lebiedz, Oliver"]
[Result "1-0"]
[TimeControl "90 min / 40 Züge + 30 min + 30 Sek pro Zug"]
[WhiteElo "2035"]
[BlackElo "1921"]

1. d4 d5 2. c4 e6 3. Nf3 Nf6 4. g3 Bb4+ 5. Nbd2 O-O 6. Bg2 Ne4 7. O-O f5 8. Ne5 c6 9. Nxe4 fxe4 10.
f3 exf3 11. Rxf3 Nd7 12. Rxf8+ Qxf8 13. Bf4 Bd6 14. Nxd7 Bxd7 15. Bxd6 Qxd6 16. Qb3 b6 17. Kh1 Rf8 18. Rd1 Rf7 19.
Rd3 Qf8 20. Rf3 Rxf3 21. Bxf3 Be8 22. Kg2 Qd6 23. a4 Qc7 24. Qc3 Bf7 25. c5 Qb7 26. cxb6 axb6 27. b4 h6 28. Kf2 Bg6 29.
a5 bxa5 30. bxa5 Kf8 31. Qa3+ Ke8 32. a6 Qa7 33. Qd6 1-0

[Event "2. Itzehoer Schach Open"]
[Site "Itzehoe, Germany"]
[Date "2023.04.30"]
[Round "4.20"]
[White "Hieke, Jonas"]
[Black "Ploog, Jakob"]
[Result "1-0"]
[TimeControl "90 min / 40 Züge + 30 min + 30 Sek pro Zug"]
[WhiteElo "1584"]
[BlackElo "1392"]

1. e4 e6 2. d4 d5 3. exd5 Qxd5 4. c4 Bb4+ 5. Bd2 Qe4+ 6. Ne2 Nc6 7. Bxb4 Nxb4 8. Qa4+ Nc6 9. Nbc3 Qg4 10.
h3 Qg6 11. d5 b5 12. Qxb5 Rb8 13. Qxc6+ Bd7 14. Qc5 Rxb2 15. Qe3 Ne7 16. Qe4 f5 17. Qh4 f4 18. Qxf4 Qc2 19. Rc1 Qg6 20. Qe4 Qh6 21. Rc2 Rb6 22. f3 exd5 23. Nxd5 Rb1+ 24. Kf2 O-O 25.
Nxe7+ Kh8 26. Ng3 Re8 27. Nef5 Qb6+ 28. Qd4 Bxf5 29. Qxb6 Bxc2 30. Qxc7 h6 31. Be2 Rb2 32. Qxa7 Bd3 33.
Re1 Bxc4 34. Qd4 Rc2 35. Nf5 Rg8 36. Ne3 1-0

[Event "2. Itzehoer Schach Open"]
[Site "Itzehoe, Germany"]
[Date "2023.04.30"]
[Round "4.22"]
[White "Thomas, Jeremy"]
[Black "Aguike, Toshiya"]
[Result "1-0"]
[TimeControl "90 min / 40 Züge + 30 min + 30 Sek pro Zug"]
[WhiteElo "1894"]
[BlackElo "1491"]

1. e4 e5 2. Nf3 Nc6 3. Nc3 Nf6 4. d4 exd4 5. Nxd4 Nxd4 6. Qxd4 d6 7. Bc4 Be7 8. O-O O-O 9. Bg5 h6 10.
Bh4 b6 11. Rfe1 Bb7 12. Rad1 Re8 13. Qd3 a6 14. Bg3 b5 15. Bb3 c5 16. Bd5 Nxd5 17. Nxd5 Bxd5 18. Qxd5 Qb6 19. h3 Rad8 20.
Re2 Bf6 21. b3 Be5 22. f4 Bd4+ 23. Bf2 Re5 24. fxe5 dxe5 25. Rxd4 Rxd5 26. Rxd5 Qa5 27. Bxc5 Qxa2 28. Kf2 f6 29.
b4 a5 30. c3 Qa3 31. bxa5 Qxa5 32. Bb4 Qb6+ 33. Rc5 Kf7 34. Rd2 g5 35. Kf3 Qa6 36. Rc7+ Kg6 37. Rcd7 Qa8 38. R7d6 Qa1 39.
Rf2 Qc1 40. Kg3 Qe3+ 41. Rf3 Qxe4 42. Rdxf6+ Kg7 43. Bf8+ Kg8 44. Rxh6 Qc4 45. Rg6+ Kh7 46. Rxg5 e4 47. Rf4 1-0

[Event "2. Itzehoer Schach Open"]
[Site "Itzehoe, Germany"]
[Date "2023.04.30"]
[Round "4.13"]
[White "Graf, David"]
[Black "Fuhrmann, Åke"]
[Result "0-1"]
[TimeControl "90 min / 40 Züge + 30 min + 30 Sek pro Zug"]
[WhiteElo "1429"]
[BlackElo "1992"]

1. e4 c5 2. Nc3 d6 3. f4 Nc6 4. Nf3 g6 5. Bc4 Bg7 6. O-O e6 7. d3 Nge7 8. Qe1 O-O 9. Bb3 Nd4 10.
Nxd4 cxd4 11. Ne2 Bd7 12. Qg3 Kh8 13. Bd2 a5 14. a4 b5 15. f5 gxf5 16. Qxd6 b4 17. Bg5 f6 18. Bh4 e5 19.
Be6 Bxe6 20. Qxe6 Rc8 21. Ng3 f4 22. Nf5 Nxf5 23. Qxf5 Rxc2 24. g3 Bh6 25. Rac1 Rxc1 26. Rxc1 fxg3 27.
Rc6 gxh2+ 28. Kxh2 Kg7 29. Ra6 Rf7 30. Rc6 Bf4+ 31. Kh1 h6 32. Rc8 Qe7 33. b3 Bg5 34. Bg3 Qd7 35. Ra8 Qxf5 36.
exf5 Rc7 37. Rxa5 Rc3 38. Ra7+ Kf8 39.
a5 Rxb3 40. a6 Ra3 41. Ra8+ Kf7 42. Be1 b3 43. Rf8+ Kg7 44. Rb8 Rxa6 0-1

[ePGN "0.1;DGT LiveChess/2.2.5"]

[Event "2. Itzehoer Schach Open"]
[Site "Itzehoe, Germany"]
[Date "2023.04.30"]
[Round "4.41"]
[White "Neffgen, Klaus"]
[Black "Moeller, Patrick"]
[Result "1-0"]
[TimeControl "90 min für 40 Züge, Rest 30 min + 30 Sek pro Zug"]
[WhiteElo "1533"]
[BlackElo "1343"]

1. d4 c6 2. Nf3 d5 3. Bf4 Bf5 4. e3 e6 5. c4 Nf6 6. Nc3 Be7 7. Bd3 Bxd3 8. Qxd3 Nbd7 9. O-O Nh5 10.
Be5 f6 11. Bg3 Nxg3 12. hxg3 Qc7 13. cxd5 exd5 14. a3 O-O-O 15. Rfc1 g5 16. Nxd5 Qd6 17. Nc3 Kb8 18. b4 h5 19.
Qf5 h4 20. gxh4 gxh4 21. b5 h3 22. g3 c5 23. Ne4 Qb6 24. dxc5 Qa5 25. c6 Ka8 26. cxd7 a6 27. Rc8+ Ka7 28.
Nxf6 Rhf8 29. Rxd8 Qxd8 30. Rc1 Bxf6 31. Qc5+ Ka8 32. b6 Kb8 33. Qd6+ Ka8 34. Qxf8 h2+ 35. Kxh2 Qxf8 36. Rc8+ Qxc8 37.
dxc8=Q# 1-0

[Event "2. Itzehoer Schach Open"]
[Site "Itzehoe, Germany"]
[Date "2023.04.30"]
[Round "4.47"]
[White "Greiner, Andre"]
[Black "Moeller, Rainer"]
[Result "0-1"]
[TimeControl "90 min für 40 Züge, Rest 30 min + 30 Sek pro Zug"]
[WhiteElo "796"]
[BlackElo "1414"]

1. e4 e5 2. d4 exd4 3. Qxd4 Nc6 4. Qa4 d6 5. Bb5 Bd7 6. Nf3 a6 7. Bxc6 Bxc6 8. Qd4 Nf6 9. Bg5 Be7 10.
O-O O-O 11. Nc3 h6 12. Bxf6 Bxf6 13. e5 dxe5 14. Qg4 Re8 15. Rad1 Qe7 16. Ne4 Bxe4 17. Qxe4 c6 18. g3 Rad8 19.
Nh4 Bxh4 20. gxh4 Qe6 21. Kh1 f5 22. Qg2 Qf6 23. Qg3 c5 24. Rg1 Rd4 25. Qb3+ Qf7 26. Qe3 Qd5+ 27. f3 Rxd1 28.
Qxh6 Qxf3# 29. Qxg7# 0-1

[Event "2. Itzehoer Schach Open"]
[Site "Itzehoe, Germany"]
[Date "2023.04.30"]
[Round "4.52"]
[White "Hock, Reiner"]
[Black "Prigandt, Junis"]
[Result "0-1"]
[TimeControl "90 min für 40 Züge, Rest 30 min + 30 Sek pro Zug"]
[WhiteElo "1338"]
[BlackElo "995"]

1. d4 d5 2. Bf4 e6 3.
e3 Nf6 4. Nf3 Bd6 5. Bg3 Bxg3 6. hxg3 Qd6 7. Ne5 Nfd7 8. Qh5 Nxe5 9. dxe5 Qb4+ 10. Nd2 Qxb2 11. Qd1 Qxe5 12. Rb1 d4 13.
Nc4 Qd5 14. Rh5 Qd8 15. Bd3 dxe3 16. fxe3 g6 17. Rh3 e5 18. Ke2 Bg4+ 19. Ke1 Bxd1 20. Rxd1 Nc6 21. Bxg6 Qg5 22.
Bh5 b5 23. Nd2 Qxe3+ 24. Kf1 Rd8 25. g4 Qf4+ 26. Rf3 Qh6 27.
Bxf7+ Ke7 28. Ke2 Nd4+ 0-1

[Event "2. Itzehoer Schach Open"]
[Site "Itzehoe, Germany"]
[Date "2023.04.30"]
[Round "4.38"]
[White "Steiner, Peter Markus"]
[Black "Eichmann, Phillip"]
[Result "1-0"]
[TimeControl "90 min für 40 Züge, Rest 30 min + 30 Sek pro Zug"]
[WhiteElo "1603"]
[BlackElo "1052"]

1. b4 e6 2. Bb2 Bxb4 3. Bxg7 d5 4. Bxh8 f6 5. c3 Bc5 6. e3 Nh6 7. Qh5+ Nf7 8. Nf3 Ke7 9. Bxf6+ Kxf6 10.
Bd3 Ke7 11. Qh4+ Kd7 12. Qxd8+ Kxd8 13. Bxh7 Nc6 14. d4 Bd6 15. Nbd2 Bd7 16. Rb1 b6 17. Bd3 Bc8 18. e4 Bb7 19.
h4 Kd7 20. Ng5 Nxg5 21. hxg5 Rg8 22. e5 Be7 23. f4 Rf8 24. g3 Kc8 25. Ke2 Kb8 26. Rh7 a6 27. Rbh1 Ba3 28. Rh8 Rxh8 29.
Rxh8+ Ka7 30. g4 Bb2 31. Nb1 1-0

[Event "2. Itzehoer Schach Open"]
[Site "Itzehoe, Germany"]
[Date "2023.04.30"]
[Round "4.50"]
[White "Kaehler, Marvin"]
[Black "Knudsen, Frank"]
[Result "1-0"]
[TimeControl "90 min für 40 Züge, Rest 30 min + 30 Sek pro Zug"]
[WhiteElo "1015"]
[BlackElo "940"]

1. e3 e5 2. g3 Nc6 3. b3 Bc5 4. Bg2 Nf6 5. Bb2 O-O 6. d3 Bb4+ 7. c3 Bc5 8. Ne2 Ng4 9. O-O Qf6 10.
d4 exd4 11. cxd4 Bb4 12. Qd3 Qh6 13. h3 Nf6 14. a3 Be7 15. Nd2 d5 16. Nf4 Be6 17. Nf3 Bd6 18. Bc1 Bxf4 19. exf4 Bxh3 20. f5 Bxg2 21. Bxh6 Bxf1 22.
Kxf1 gxh6 23. Kg2 Ng4 24. Rh1 Rae8 25. f6 Re4 26. Qb5 Nxd4 27. Qxd5 Nxf6 28. Qxb7 Nxf3 29. Kxf3 Rd8 30. Rxh6 Rd3+ 31.
Kg2 Kg7 32. Rh4 Re2 33. Qxa7 Ne4 34. Rf4 Rxg3+ 35. Kf1 Rxf2+ 36. Rxf2 Nxf2 37. Qxf2 Rxb3 38. a4 Rb1+ 39.
Qe1 Rxe1+ 40. Kxe1 c5 41. a5 c4 42. a6 c3 43. Kd1 f5 44. a7 f4 45. a8=Q Kg6 46. Qa5 c2+ 47. Kxc2 h5 48.
Kd2 h4 49. Ke2 h3 50. Kf3 h2 51. Qe1 Kg5 52. Qh1 Kh4 53. Kxf4 Kh3 54. Kf3 Kh4 55. Qxh2+ Kg5 56. Qf4+ Kh5 57.
Qg3 Kh6 58. Kf4 Kh7 59. Kf5 Kh8 60. Kf6 Kh7 61. Qg7+ 1-0

[Event "2. Itzehoer Schach Open"]
[Site "Itzehoe, Germany"]
[Date "2023.04.30"]
[Round "4.40"]
[White "Schiller, Thomas"]
[Black "Junge, Julia Marie"]
[Result "0-1"]
[TimeControl "90 min für 40 Züge, Rest 30 min + 30 Sek pro Zug"]
[WhiteElo "1678"]
[BlackElo "1367"]

1. f4 Nc6 2. Nf3 Nf6 3. e3 g6 4. b3 Bg7 5. Bb2 O-O 6. Bb5 a6 7. Bxc6 dxc6 8. O-O Bg4 9. Qe1 e6 10. Ne5 Bf5 11. d3 Qe7 12.
Nd2 Qc5 13. Kh1 Qxc2 14. Ndc4 Bxd3 15. Rf2 Be2 16. Rxe2 Qe4 17. Rd1 Rad8 18. Red2 Rd5 19. Rd4 Rxd4 20. Rxd4 Qf5 21. Qd1 Ne4 22.
Qf3 Nc5 23. Ba3 f6 24. e4 Qh5 25. Qxh5 gxh5 26. Bxc5 fxe5 27. Bxf8 exd4 28. Bxg7 Kxg7 29. Kg1 b5 30. Ne5 c5 31.
Kf2 h4 32. Ke2 h5 33. Kd3 Kf8 34. Nd7+ 0-1

[Event "2. Itzehoer Schach Open"]
[Site "Itzehoe, Germany"]
[Date "2023.04.30"]
[Round "4.42"]
[White "Beth, Felix"]
[Black "Wolff, Ole"]
[Result "0-1"]
[TimeControl "90 min für 40 Züge, Rest 30 min + 30 Sek pro Zug"]
[WhiteElo "1498"]
[BlackElo "1097"]

1. d4 Nf6 2. Bf4 c6 3. e3 Qb6 4. Qc1 d5 5. c3 Bf5 6. Nf3 Nbd7 7. Nbd2 e6 8. Nh4 Be4 9. f3 Bg6 10.
Nxg6 hxg6 11. Nb3 Nh5 12. e4 dxe4 13. fxe4 c5 14. Be3 Rc8 15. e5 cxd4 16. Nxd4 Bc5 17. g4 Ng3 18. Qd2 Nxe5 19.
Bg2 Nxh1 20. Bxh1 Nxg4 21. Bf4 O-O 22. Bf3 Nf6 23. Nb3 Rcd8 24. Qg2 Be3 25. Be5 Rd7 26. Bd4 Bxd4 27. Nxd4 Rfd8 28.
O-O-O e5 29. Nb3 Rxd1+ 30. Bxd1 Qe3+ 31. Kc2 Qe4+ 32. Kc1 0-1

[Event "2. Itzehoer Schach Open"]
[Site "Itzehoe, Germany"]
[Date "2023.04.30"]
[Round "4.45"]
[White "Greiner, Jan Oluf"]
[Black "Ackermann, Hans-Christian"]
[Result "0-1"]
[TimeControl "90 min für 40 Züge, Rest 30 min + 30 Sek pro Zug"]
[WhiteElo "960"]
[BlackElo "1722"]

1. d4 c5 2. e4 cxd4 3. Qxd4 Nc6 4. Qd1 e5 5. Nc3 Nf6 6. Bg5 Be7 7. Nf3 O-O 8. a3 h6 9. Bh4 d6 10.
Bc4 Nh7 11. Bxe7 Nxe7 12. O-O a6 13. Nd5 Nc6 14. b4 b5 15.
Bb3 Bg4 16. Ne3 Bh5 17. c3 Ng5 18. Bd5 Nxf3+ 19. gxf3 Rc8 20. Kh1 Qf6 21. Ng4 Qf4 22. Rg1 Ne7 23. Rc1 Nxd5 24. exd5 f5 25. Ne3 Bxf3+ 26. Ng2 Qg4 27. Qe1 Rc4 28. Qe3 Qh3 29. Rcd1 Rh4 30. Qxf3 Qxh2# 0-1

[Event "2. Itzehoer Schach Open"]
[Site "Itzehoe, Germany"]
[Date "2023.04.30"]
[Round "4.44"]
[White "Eitel, Luc"]
[Black "Steinbach, Aaron"]
[Result "1-0"]
[TimeControl "90 min für 40 Züge, Rest 30 min + 30 Sek pro Zug"]
[WhiteElo "1383"]
[BlackElo "787"]

1. e4 d6 2. d4 Nf6 3.
f3 g6 4.
c4 Bg7 5. Nc3 c6 6. Nge2 O-O 7. Bg5 b6 8. Qd2 Ba6 9. Ng3 Nbd7 10. Be2 Qc7 11. O-O e5 12. d5 cxd5 13. Nxd5 Nxd5 14.
cxd5 Bxe2 15. Nxe2 f6 16. Rac1 Nc5 17. Be3 Qe7 18. b4 Nb7 19. Rc4 Rac8 20. Rfc1 Rxc4 21. Rxc4 b5 22. Rc6 Rf7 23.
Qc3 f5 24. Ra6 fxe4 25. fxe4 Qf6 26. Ng3 h5 27. Qc1 h4 28. Nh1 Bf8 29. Bg5 Qh8 30. Rxa7 Qh5 31. Ra3 Be7 32. Bxe7 Rxe7 33.
Rf3 Rg7 34. Nf2 g5 35. Qc8+ Kh7 36. Ng4 Rf7 37. Nf6+ Rxf6 38. Rxf6 Qd1+ 39. Rf1 Qd4+ 40. Kh1 Qxe4 41. Qxb7+ Kh6 42.
Qf7 g4 43. Rf6+ Kg5 44. Qg7+ Kh5 45. Rh6# 1-0